 Dungeon Crawl Stone Soup version 0.31-a0-1074-g0b22e4e0f1 (webtiles) character file.

Game seed: 8302265465883889156

4 drugrobin the Sneak (level 1, -6/18 HPs)
             Began as a Demigod Delver on Dec 7, 2023.
             Killed from afar by an orc wizard (9 damage)
             ... with a puff of flame
             ... on level 6 of the Dungeon.
             The game lasted 00:02:35 (310 turns).

drugrobin the Sneak (Demigod Delver)                 Turns: 310, Time: 00:02:37

Health: -6/18      AC:  3    Str: 13    XL:     1   Next: 40%
Magic:  3/3        EV: 11    Int: 12    God:
Gold:   7          SH:  0    Dex: 15    Spells: 0/0 levels left

rFire   . .          .
                       - Unarmed
rCold   . . .        (no shield)
rNeg    . . .        a - +0 leather armour
rPois   .            (no helmet)
rElec   .            (no cloak)
rCorr   .            (no gloves)
SInv    .            (no boots)
Will    .....        (no amulet)
Stlth   +++          (no ring)
HPRegen 0.23/turn    (no ring)
MPRegen 0.08/turn

%: no passive effects
@: lethally poisoned (-6 -> -8), hasted, very quick
A: high MP 1, forlorn, divine attributes
a: no special abilities


You were on level 6 of the Dungeon.
You visited 1 branch of the dungeon, and saw 2 of its levels.

You collected 7 gold pieces.

Inventory:

Armour
 a - a +0 leather armour (worn)
Wands
 f - a wand of digging (3)
Scrolls
 b - a scroll of fog
 c - a scroll of revelation


   Skills:
 - Level 2.6 Fighting
 - Level 1.7 Dodging
 - Level 4.5 Stealth
 + Level 2.1 Unarmed Combat


You couldn't memorise any spells.
You didn't know any spells.
Your spell library was empty.

Dungeon Overview and Level Annotations

Branches:
Dungeon (6/15)             Temple (0/1) D:5

Annotations:
D:6 exclusions: orc, orc wizard, phantom and wight


Innate Abilities, Weirdness & Mutations

You have an increased reservoir of magic. (+10% MP)
You shall have no god before yourself.
Your divine heritage dramatically boosts your attributes as you level up.


Message History

The orc is moderately wounded.
You hit the orc but do no damage.
The orc is moderately wounded.
The orc hits you with a +2 dagger of venom.
You are poisoned.
You hit the orc.
The orc is severely wounded.
You feel sick.
Okay, then.
You miss something.
You feel sick.
Unknown command.
Unknown command.
As you read the scroll of fear, it crumbles to dust.
You assume a fearsome visage.
The orc looks frightened!
You feel sick.
Unknown command.
Okay, then.
You feel sick.
Unknown command.
Items here: )) [ ††.
Unknown command.
Unknown command.
Okay, then.
Unknown command.
Unknown command.
Press: ? - help, v - describe, . - travel
Here: an orc, wielding a +2 dagger of venom (severely wounded, fleeing)
The floor.
Unknown command.
You hit something but do no damage.
You feel sick. Something hits you.
* * * LOW HITPOINT WARNING * * *
Unknown command.
Unknown command.
You barely miss something.
* * * LOW HITPOINT WARNING * * *
You feel sick.
You hear some strange, mumbled words.
A puff of flame appears from out of thin air!
The puff of flame hits you!
Ouch! That really hurt!
You die...

#########
#.......#
#.......##
#.##.....
#@##.#o.#
#{...#..#
#.......#
##..###.##
#......o#
#.#o##.##
#.#..#.#
#.##.#.#
#.##.#.#


You could see an orc (fleeing).

Vanquished Creatures
  2 orcs (D:6)
2 creatures vanquished.

Notes
Turn   | Place    | Note
-------+----------+-------------------------------------------
     0 | D:5      | drugrobin the Demigod Delver began the quest for the Orb.
     0 | D:5      | Reached XP level 1. HP: 18/18 MP: 3/3
    27 | D:5      | Found a staircase to the Ecumenical Temple.
    27 | D:5      | Noticed an ogre
   152 | D:6      | Noticed a wight
   167 | D:6      | Noticed a phantom
   217 | D:6      | Noticed a phantom
   243 | D:6      | Noticed an orc wizard
   310 | D:6      | Killed from afar by an orc wizard

Illustrated notes

Levels and vault maps discovered:
D:5:      layout_rooms, temple_green, gammafunk_ghost_cemetery
D:6:      kennysheep_spiral_hall, layout_loops_cross,
          gammafunk_temple_overflow_elements

Skill      XL: |  1 |
---------------+----+-----
Unarmed Combat | 2 |  2.1
Fighting       | |  2.6
Dodging        | |  1.7
Stealth        | |  4.5

Action                     || total
---------------------------++-------
  Melee: Unarmed           ||    22
    Use: Scroll            ||     1
         Potion            ||     1
 Armour: Leather armour    ||     8
  Dodge: Dodged            ||     7

Table legend: (Time is in decaauts)
 A = Elapsed time spent in this place.
 B = Non-inter-level travel time spent in this place.
 C = Inter-level travel time spent in this place.
 D = Time resting spent in this place.
 E = Time spent auto-exploring this place.
 F = Levels seen in this place.
 G = Mean time per level.
                   A        B        C        D        E       F      G
               +--------+--------+--------+--------+--------+-----+--------+
         Total |    300 |    300 |      0 |      0 |    151 |   2 |  150.0 |
       Dungeon |    300 |    300 |      0 |      0 |    151 |   2 |  150.0 |
               +--------+--------+--------+--------+--------+-----+--------+

Top non-repeatable levels by time:
     D:6: 261 daAuts
     D:5: 39 daAuts
